 Dungeon Crawl Stone Soup version 0.19-a0-1786-g230130f (webtiles) character file.

2466 Amnesiac the Slicer (level 9, -1/62 HPs)
             Began as a Halfling Berserker on Oct 3, 2016.
             Was an Elder of Trog.
             Hit by a tomahawk thrown by an orc warrior (22 damage)
             ... on level 7 of the Dungeon.
             The game lasted 00:10:51 (5944 turns).

Amnesiac the Slicer (Halfling Berserker)            Turns: 5944, Time: 00:10:52

Health: -1/62      AC:  2    Str: 18    XL:     9   Next: 80%
Magic:  9/9        EV: 13    Int:  5    God:    Trog [****..]
Gold:   408        SH:  0    Dex: 17    Spells: 0 memorised, 8 levels left

rFire  . . .     SeeInvis .     a - +0 short sword
rCold  . . .     Gourm    .     w - +0 chain mail
rNeg   . . .     Faith    .     (shield restricted)
rPois  .         Spirit   .     u - +0 helmet
rElec  .         Dismiss  .     r - +0 cloak (curse)
rCorr  .         Reflect  .     t - +0 pair of gloves
MR     +....     Harm     .     (no boots)
Stlth  ..........               (no amulet)
                                (no ring)
                                (no ring)

@: corroded
A: blink, magic resistance 1, mutation resistance 1
a: Blink, Berserk, Trog's Hand, Brothers in Arms, Burn Spellbooks, Renounce
Religion


You were on level 7 of the Dungeon.
You worshipped Trog.
Trog was greatly pleased with you.
You were not hungry.

You visited 1 branch of the dungeon, and saw 7 of its levels.

You collected 408 gold pieces.

Inventory:

Hand Weapons
 a - a +0 short sword (weapon)
Armour
 r - a cursed +0 cloak (worn)
 t - a +0 pair of gloves (worn)
 u - a +0 helmet (worn)
 w - a +0 chain mail (worn)
Jewellery
 g - an uncursed ring of see invisible {unknown}
 A - an uncursed ring of protection from cold {unknown}
 E - an uncursed amulet of dismissal {unknown}
 H - a cursed ring of resist corrosion {unknown}
Wands
 C - a wand of enslavement (10/24)
 F - a wand of polymorph (9/24)
 J - a wand of slowing (22/48)
 L - a wand of lightning (7/15)
Scrolls
 b - 3 scrolls of magic mapping {unknown}
 d - a scroll of fear {unknown}
 e - 2 scrolls of enchant armour {unknown}
 f - 3 scrolls of enchant weapon {unknown}
 j - 6 scrolls of remove curse {unknown}
 k - 6 scrolls of identify {unknown}
 l - 2 scrolls of immolation {unknown}
 y - a scroll of amnesia {unknown}
 D - 2 scrolls of recharging {unknown}
 G - a scroll of noise {unknown}
 I - a scroll of random uselessness {unknown}
Potions
 h - 2 potions of lignification {unknown}
 m - 2 potions of ambrosia {unknown}
 n - a potion of flight {unknown}
 q - 2 potions of degeneration {unknown}
 s - 2 potions of mutation {unknown}
 v - a potion of haste
 z - 2 potions of invisibility {unknown}
 B - a potion of cancellation {unknown}
 K - a potion of brilliance {unknown}
Comestibles
 c - 5 bread rations
 i - 2 beef jerkies
 o - 4 meat rations
 p - a slice of pizza
 x - 4 fruits


   Skills:
 - Level 6.0 Fighting
 - Level 8.0 Short Blades
 + Level 4.3 Throwing
 - Level 6.6 Armour
 - Level 6.7 Dodging


You had 8 spell levels left.
You didn't know any spells.

Dungeon Overview and Level Annotations

Branches:
Dungeon (7/15)             Temple (0/1) D:5

Altars:
Gozag
Makhleb
Okawaru
Zin

Shops:
D:5 [


Innate Abilities, Weirdness & Mutations

You are small and have problems with some larger weapons.
You are somewhat resistant to further mutation.
You can translocate small distances at will.
You are resistant to hostile enchantments. (MR+)


Message History

The jelly is severely wounded.
The jelly hits you but does no damage. The hound bites you.
Unknown command.
An ogre comes into view. It is wielding a giant spiked club.
The ogre shouts!
The hound bites you. The hound barely misses you. The hound bites you.
The hound closely misses you.
The jelly jiggles.
You see here a falchion.
The hound bites you.
The orc shouts!
The hound closely misses you. The hound misses you. The orc hits you.
The hound barely misses you. The hound bites you.
The orc warrior throws a tomahawk.
The tomahawk hits you!!
You die...

##......## ##........##
#..........# ## #..........# .#
############ #..........# .#
#..........#######..........# .#
#..........#................# .#
#.........................<##
.####..........#@.............†.#
.##............#hoo....)........#
........[.......................#
#####............J..............#
..###..........#................#
...##.................#........##
...............#......##......##
###.....########......######.##
###....## ####..##### #.#


You could see an orc warrior, a hound, a jelly and an orc.

Vanquished Creatures
  A black mamba (D:5)
  Joseph (D:7)
  The ghost of Ruebezahl the Destroyer, a novice DECj (D:4)
  Sigmund (D:2)
  The ghost of Rationalist the Chopper, an amateur MiGl (D:3)
  2 phantoms
  A sky beast (D:5)
  A necrophage (D:6)
  A centaur (D:5)
  An ogre (D:4)
  A bullfrog (D:6)
  2 scorpions
  A crimson imp (D:5)
  2 hounds
  2 orc priests (D:4)
  A jelly (D:6)
  3 orc wizards (D:4)
  An iguana (D:7)
  Terence (D:2)
  2 worker ants (D:6)
  A hound zombie (D:7)
  A hound skeleton (D:7)
  A worker ant zombie (D:6)
  Robin (D:2)
  3 gnolls (D:3)
  7 adders
  2 shadow imps (D:6)
  An adder skeleton (D:5)
  An adder zombie (D:4)
  3 worms
  A dart slug (D:1)
  4 leopard geckos
  19 orcs
  6 giant cockroaches
  9 hobgoblins
  2 jackals (D:3)
  3 quokkas
  2 ball pythons
  7 bats
  6 frilled lizards
  16 goblins
  5 kobolds
  A quokka skeleton (D:4)
  3 rats (D:2)
132 creatures vanquished.

Vanquished Creatures (others)
  An orc (D:7)
1 creature vanquished.

Grand Total: 133 creatures vanquished

Notes
Turn   | Place    | Note
-------+----------+-------------------------------------------
     0 | D:1      | Amnesiac the Halfling Berserker began the quest for the Orb.
     0 | D:1      | Reached XP level 1. HP: 15/15 MP: 1/1
   142 | D:1      | Reached XP level 2. HP: 20/20 MP: 2/2
   262 | D:1      | Reached skill level 4 in Short Blades
   669 | D:2      | Reached XP level 3. HP: 25/25 MP: 3/3
   726 | D:2      | Noticed Terence
   763 | D:2      | Killed Terence
   763 | D:2      | Reached ** piety under Trog
   763 | D:2      | Reached XP level 4. HP: 30/31 MP: 4/4
  1105 | D:2      | Noticed Sigmund
  1113 | D:2      | Killed Sigmund
  1113 | D:2      | Reached skill level 5 in Short Blades
  1113 | D:2      | Reached XP level 5. HP: 37/37 MP: 5/5
  1113 | D:2      | Reached XP level 6. HP: 43/43 MP: 6/6
  1147 | D:2      | Noticed Robin
  1214 | D:2      | Killed Robin
  1641 | D:3      | Reached *** piety under Trog
  1667 | D:3      | Noticed Rationalist's ghost (amateur MiGl)
  1685 | D:3      | Killed Rationalist's ghost
  1685 | D:3      | Reached XP level 7. HP: 38/48 MP: 7/7
  1752 | D:3      | Found an iron altar of Okawaru.
  2254 | D:4      | Noticed Ruebezahl's ghost (novice DECj)
  2274 | D:4      | Killed Ruebezahl's ghost
  2274 | D:4      | Reached skill level 6 in Short Blades
  2285 | D:4      | Reached skill level 5 in Dodging
  2285 | D:4      | Reached XP level 8. HP: 14/54 MP: 8/8
  2557 | D:4      | Found a burning altar of Makhleb.
  2616 | D:4      | Reached skill level 5 in Armour
  3511 | D:5      | Entered Level 5 of the Dungeon
  3590 | D:5      | Found Kupan's Armour Shoppe.
  3642 | D:5      | Reached skill level 5 in Fighting
  3861 | D:5      | Noticed Prince Ribbit
  3881 | D:5      | Reached skill level 7 in Short Blades
  3914 | D:5      | Gained mutation: You are resistant to hostile enchantments. (MR+) [mutagenic meat]
  3920 | D:5      | Gained mutation: You can translocate small distances at will. [mutagenic meat]
  4006 | D:5      | Found a staircase to the Ecumenical Temple.
  4315 | D:5      | Noticed Prince Ribbit
  4315 | D:5      | Prince Ribbit changed into Prince Ribbit the black mamba
  4327 | D:5      | Killed Prince Ribbit the black mamba
  4327 | D:5      | Reached XP level 9. HP: 35/62 MP: 9/9
  4630 | D:5      | Reached **** piety under Trog
  5246 | D:6      | Found an opulent altar of Gozag.
  5280 | D:6      | Reached skill level 8 in Short Blades
  5330 | D:6      | Reached skill level 1 in Throwing
  5525 | D:7      | Noticed Joseph
  5557 | D:7      | Killed Joseph
  5678 | D:7      | Found a glowing silver altar of Zin.
  5944 | D:7      | Hit by a tomahawk thrown by an orc warrior

Vault maps used:
D:1:      ncdulo_halloftheorcs
D:2:      first_bread, minmay_misc_feat_plants, uniq_terence, uniq_robin,
          uniq_sigmund
D:3:      okawaru_metal_pillars_1_2
D:4:      lemuel_doored_altar, st_stairs_6
D:5:      serial_shops, shop, uniq_prince_ribbit1
D:6:      kennysheep_mini_moat
D:7:      nicolae_overflow_hidden_temple, gammafunk_temple_overflow_claw,
          uniq_joseph

Skill      XL: |  1  2  3  4  5  6  7  8  9 |
---------------+----------------------------+-----
Short Blades   | 4 5 6 7 8 |  8.0
Fighting       | 3 4 5 6 |  6.0
Dodging        | 3 4 5 6 |  6.7
Armour         | 3 4 6 |  6.6
Throwing       | 4 |  4.3

Action                   |  1- 3 |  4- 6 |  7- 9 || total
-------------------------+-------+-------+-------++-------
Melee: Short sword       |    76 |   185 |   575 ||   836
Invok: Berserk           |     1 |     3 |     7 ||    11
       Burn Spellbooks   |       |       |     2 ||     2
Evoke: Wand              |       |       |     1 ||     1
  Eat: Chunk             |       |     6 |    26 ||    32
       Royal jelly       |       |       |     1 ||     1
Armor: Ring mail         |    16 |    37 |       ||    53
       Chain mail        |       |    23 |   165 ||   188
Dodge: Dodged            |    47 |   110 |   268 ||   425
